 Dungeon Crawl Stone Soup version 0.20.1-1-g8b1a95d (webtiles) character file.

16234 Monsterracer the Thaumaturge (level 12, -2/58 HPs)
             Began as a Spriggan Conjurer on Oct 26, 2017.
             Was an Elder of Vehumet.
             Slain by a centaur warrior
             ... wielding a +0 falchion
              (7 damage)
             ... on level 11 of the Dungeon.
             The game lasted 00:53:56 (16287 turns).

Monsterracer the Thaumaturge (Spriggan Conjurer)   Turns: 16287, Time: 00:53:57

Health: -2/58      AC:  6    Str:  4    XL:     12   Next: 8%
Magic:  25/29      EV: 25    Int: 20    God:    Vehumet [****..]
Gold:   562        SH:  0    Dex: 18    Spells: 10/36 levels left

rFire    + + .     SeeInvis +   a - +2 dagger (speed)
rCold    x . .     Gourm    .   (shield restricted)
rNeg     . . .     Faith    .   G - +2 robe {MR+}
rPois    .         Spirit   .   d - +2 hat
rElec    .         Reflect  .   (no cloak)
rCorr    .         Harm     .   (gloves unavailable)
MR       +++..                  (boots unavailable)
Stlth    +++++.....             (no amulet)
Regen    0.2/turn               j - ring of protection from fire
MPRegen  0.3/turn               o - ring of fire

@: very quick
A: unfitting armour, see invisible, herbivore 3, speed 3, slow metabolism 2
a: Renounce Religion


You were on level 11 of the Dungeon.
You worshipped Vehumet.
Vehumet was greatly pleased with you.
You were not hungry.

You visited 2 branches of the dungeon, and saw 13 of its levels.

You collected 562 gold pieces.

Inventory:

Hand Weapons
 a - a +2 dagger of speed (weapon)
Missiles
 y - a throwing net (quivered)
Armour
 d - a +2 hat (worn)
 p - a +2 buckler of reflection
 G - a +2 robe of magic resistance (worn)
Jewellery
 f - an uncursed ring of magical power
 j - a ring of protection from fire (left hand)
 l - an uncursed ring of positive energy
 o - a ring of fire (right hand)
Wands
 b - a wand of acid (4/15)
 h - a wand of polymorph (13/24)
 u - a wand of flame (33/48)
 x - a wand of confusion (11/48)
 A - a wand of confusion (22/48)
 D - a wand of scattershot (3/9)
 F - a wand of confusion (21/48)
Scrolls
 C - 3 scrolls of remove curse
Potions
 e - a potion of mutation
 i - 2 potions of heal wounds
 k - a potion of resistance
 m - a potion of agility
 n - a potion of berserk rage
 q - a potion of invisibility
 s - 3 potions of curing
 t - 2 potions of cancellation
 w - a potion of might
 z - 4 potions of flight
 B - a potion of lignification
Books
 E - a book of Enchantments

   Spells                             Type                      Level
   a - Cause Fear                     Hexes                        4
   b - Yara's Violent Unravelling     Hexes/Transmutation          5
   c - Silence                        Hexes/Air                    5
   d - Deflect Missiles               Charms/Air                   6
   e - Discord                        Hexes                        8
Comestibles
 c - 9 bread rations
 v - a royal jelly


   Skills:
 + Level 4.7 Fighting
 + Level 4.0 Short Blades
 + Level 8.8 Dodging
 + Level 11.4 Stealth
 * Level 12.6 Spellcasting
 * Level 8.2 Conjurations
 - Level 6.0 Hexes
 - Level 4.3 Translocations
 + Level 3.4 Air Magic


You had 10 spell levels left.
You knew the following spells:

 Your Spells              Type           Power        Failure   Level  Hunger
a - Magic Dart            Conj           ####         1%          1    None
b - Searing Ray           Conj           #####.       1%          2    None
c - Fulminant Prism       Conj/Hex       #####.....   1%          4    None
d - Force Lance           Conj/Tloc      #####...     1%          4    None
e - Summon Butterflies    Summ           ##......     5%          1    None
f - Dazzling Spray        Conj/Hex       #####.       1%          3    None
g - Airstrike             Air            ####......   3%          4    None
h - Cause Fear            Hex            #####.....   4%          4    None
i - Mephitic Cloud        Conj/Pois/Air  ####....     1%          3    None


Dungeon Overview and Level Annotations

Branches:
Dungeon (12/15)            Temple (1/1) D:4            Lair (0/6) D:9
    Orc (0/2) D:9

Altars:
Ashenzari
Cheibriados
Dithmenos
Elyvilon
Fedhas
Gozag
Hepliaklqana
Kikubaaqudgha
Makhleb
Nemelex Xobeh
Okawaru
Qazlal
Ru
Sif Muna
Trog
Uskayaw
Vehumet
Xom
Yredelemnul
Zin
The Shining One
Lugonu

Shops:
D:4 [   D:9 (

Annotations:
D:8 Haldmier's ghost, novice CeAM
D:10 Sonja
D:11 Gastronok


Innate Abilities, Weirdness & Mutations

You are very small and have problems with some larger weapons.
You are too small for most types of armour.
You have supernaturally acute eyesight. (SInv)
You are a herbivore.
You cover ground extremely quickly.
You need consume almost no food.


Message History

You start resting.
Unknown command.
A centaur warrior skeleton is nearby!
Casting: Magic Dart
Confirm with . or Enter, or press ? or * to list all spells.
Aiming: Searing Ray
Press: ? - help, Shift-Dir - straight line, f - centaur warrior skeleton
Aim: a centaur warrior skeleton (severely damaged, hasn't noticed you)
The searing ray hits the centaur warrior skeleton.
The centaur warrior skeleton is severely damaged. (Press . to maintain the ray.)
The searing ray hits the centaur warrior skeleton.
The centaur warrior skeleton is almost destroyed.
The searing ray hits the centaur warrior skeleton.
You destroy the centaur warrior skeleton!
Vehumet accepts your kill.
You start resting.
Magic restored.
Unknown command.
You start resting.
A kobold comes into view.
A kobold is nearby!
Casting: Searing Ray
Confirm with . or Enter, or press ? or * to list all spells.
Aiming: Magic Dart
Press: ? - help, Shift-Dir - straight line, f - kobold
Aim: a kobold (hasn't noticed you)
The magic dart hits the kobold.
You kill the kobold!
Vehumet accepts your kill.
You feel your power returning.
Casting: Magic Dart
Confirm with . or Enter, or press ? or * to list all spells.
You can't see any susceptible monsters within range! (Use Z to cast anyway.) Unknown command.
Unknown command.
Casting: Magic Dart
Confirm with . or Enter, or press ? or * to list all spells.
You can't see any susceptible monsters within range! (Use Z to cast anyway.)
An ettin comes into view.
The ettin shouts in stereo!
The ettin changes into a torpor snail!
Being near the torpor snail leaves you feeling lethargic.
You feel yourself speed up.
Being near the torpor snail leaves you feeling lethargic.
The torpor snail changes into an anaconda!
You feel yourself speed up.
The anaconda changes into a snapping turtle!
Things that are here:
a robe; a dagger A phantom comes into view.
There is an open door here.
Unknown command.
You closely miss the centaur warrior.
The centaur warrior shouts!
The centaur warrior hits you with a falchion.
Casting: Magic Dart
Confirm with . or Enter, or press ? or * to list all spells.
Aiming: Searing Ray
Press: ? - help, Shift-Dir - straight line, f - centaur warrior
Aim: a centaur warrior, wielding a falchion The searing ray hits the centaur warrior.
The centaur warrior is lightly wounded. (Press . to maintain the ray.)
The centaur warrior hits you with a falchion!
The centaur warrior hits you with a falchion.
The searing ray hits the centaur warrior.
The centaur warrior is moderately wounded.
The centaur warrior hits you with a falchion!
* * * LOW HITPOINT WARNING * * *
The searing ray hits the centaur warrior.
The centaur warrior is moderately wounded.
The centaur warrior hits you with a falchion!
* * * LOW HITPOINT WARNING * * *
The searing ray hits the centaur warrior.
The centaur warrior is heavily wounded.
You finish channeling your searing ray.
The centaur warrior hits you with a falchion!
* * * LOW HITPOINT WARNING * * *
The phantom blinks!
The centaur warrior hits you with a falchion.
* * * LOW HITPOINT WARNING * * *
Unknown command.
Unknown command.
Casting: Searing Ray
Confirm with . or Enter, or press ? or * to list all spells.
Okay, then.
Throwing (i - inventory):
y - 2 throwing nets (quivered)
Press: ? - help, Shift-Dir - straight line, f/p - centaur warrior
Aim: a centaur warrior, wielding a falchion (heavily wounded)
You throw a throwing net.
The throwing net hits the centaur warrior.
The centaur warrior is caught in the net!
The centaur warrior is heavily wounded.
The centaur warrior struggles against the net.
The centaur warrior struggles against the net.
The centaur warrior struggles against the net.
The net rips apart, and the centaur warrior comes free!
The centaur warrior hits you with a falchion!
You die...

#......#'############
#.####.#.............
#.####.#....)[.......
#......#.............
#......#.....[.......
#......#.............
#......#.............
#....c.#.......).....
#...@..#.............
#......############..
#...........#######..
#.)<...[....#....##..
#...........#....##..
#...........#....##..
#...........#....##..
#...........#....##..
#........<..##...####


You could see a centaur warrior.

Vanquished Creatures
  A two-headed ogre (D:9)
  An ogre mage (D:11)
  Erica (D:8)
  5 skeletal warriors (D:10)
  Nergalle (D:9)
  An unseen horror (D:11)
  Pikel (D:5)
  2 ugly things (D:11)
  Joseph (D:9)
  The ghost of lorenzova the Thaumaturge, a novice DECj of Sif Muna (D:6)
  4 trolls
  3 slime creatures (D:12)
  3 hippogriffs
  A shadow (D:11)
  A wraith (D:11)
  3 yaks (D:10)
  A hungry ghost (D:11)
  A wyvern (D:11)
  A steam dragon (D:11)
  A soldier ant (shapeshifter) (D:11)
  A black bear (D:11)
  4 ice beasts
  A sky beast (D:12)
  A slave (D:5)
  3 orc warriors
  6 ogres
  3 phantoms
  A centaur (D:7)
  4 big kobolds
  4 bullfrogs
  3 gnoll sergeants (D:9)
  4 scorpions
  23 killer bees
  3 wights (D:8)
  2 howler monkeys
  2 centaur zombies
  6 crimson imps
  4 hounds
  2 jellies
  2 centaur skeletons (D:11)
  4 orc priests
  2 bullfrog skeletons
  4 iguanas
  10 orc wizards
  11 worker ants
  A killer bee zombie (D:10)
  4 hound skeletons
  3 worker ant zombies
  A howler monkey zombie (D:6)
  10 gnolls
  10 adders
  3 shadow imps
  An adder skeleton (D:9)
  An adder zombie (D:5)
  A worm (D:2)
  3 dart slugs
  4 leopard geckos
  38 orcs
  5 giant cockroaches
  17 goblins
  12 hobgoblins
  8 jackals
  19 kobolds
  2 quokkas
  A ball python (D:3)
  6 bats
  10 frilled lizards
  A quokka skeleton (D:8)
  A quokka zombie (D:5)
  11 rats
317 creatures vanquished.

Vanquished Creatures (others)
  A worm (D:5)
  55 fulminant prisms
56 creatures vanquished.

Grand Total: 373 creatures vanquished

Notes
Turn   | Place    | Note
-------+----------+-------------------------------------------
     0 | D:1      | Monsterracer the Spriggan Conjurer began the quest for the Orb.
     0 | D:1      | Reached XP level 1. HP: 9/9 MP: 5/5
   309 | D:1      | Reached skill level 3 in Spellcasting
   326 | D:1      | Reached XP level 2. HP: 13/13 MP: 2/7
   335 | D:1      | Learned a level 2 spell: Searing Ray
   404 | D:1      | HP: 6/13 [kobold/whip (6)]
   959 | D:1      | Reached XP level 3. HP: 16/16 MP: 0/9
  1180 | D:1      | HP: 7/16 [jackal (2)]
  1196 | D:1      | HP: 7/16 [jackal (1)]
  1478 | D:1      | Reached skill level 4 in Spellcasting
  1899 | D:2      | Reached XP level 4. HP: 15/21 MP: 4/11
  2029 | D:2      | Learned a level 4 spell: Fulminant Prism
  2034 | D:2      | Learned a level 4 spell: Force Lance
  2475 | D:2      | Found a glowing silver altar of Zin.
  2597 | D:2      | Found a deep blue altar of Sif Muna.
  2859 | D:3      | Found a basalt altar of Yredelemnul.
  2861 | D:3      | Found an iron altar of Okawaru.
  2861 | D:3      | Found a blossoming altar of Fedhas.
  2862 | D:3      | Found a hide-covered altar of Uskayaw.
  3019 | D:3      | Reached skill level 1 in Translocations
  3104 | D:3      | Reached XP level 5. HP: 24/24 MP: 11/13
  3126 | D:3      | Reached skill level 5 in Spellcasting
  3486 | D:4      | Found a staircase to the Ecumenical Temple.
  3522 | Temple   | Entered the Ecumenical Temple
  3727 | D:4      | Reached skill level 1 in Hexes
  3944 | D:4      | Noticed a moth of wrath
  3947 | D:4      | Found a bloodstained altar of Trog.
  4286 | D:4      | Found Edemuo Pybb's Armour Boutique.
  4703 | D:5      | Entered Level 5 of the Dungeon
  4800 | D:5      | Reached XP level 6. HP: 28/28 MP: 6/15
  4947 | D:5      | Found a hazy altar of Hepliaklqana.
  5107 | D:4      | Found a radiant altar of Vehumet.
  5112 | D:4      | Became a worshipper of Vehumet
  5372 | D:5      | Reached skill level 5 in Stealth
  5372 | D:5      | Reached skill level 6 in Spellcasting
  5484 | D:5      | Learned a level 3 spell: Dazzling Spray
  5537 | D:5      | Noticed a slave
  5568 | D:5      | Killed a slave
  5699 | D:5      | Noticed a slave
  5700 | D:5      | Noticed Pikel
  5702 | D:5      | Noticed a slave
  5703 | D:5      | Noticed a slave
  5741 | D:5      | Killed Pikel
  5741 | D:5      | Reached skill level 7 in Spellcasting
  5741 | D:5      | Reached XP level 7. HP: 19/32 MP: 1/18
  6473 | D:6      | Noticed lorenzova's ghost (novice DECj)
  6482 | D:6      | HP: 15/32 [lorenzova's ghost/magic dart (4)]
  6486 | D:6      | Killed lorenzova's ghost
  6486 | D:6      | Reached XP level 8. HP: 9/36 MP: 6/20
  6766 | D:6      | Reached skill level 8 in Spellcasting
  7085 | D:6      | Found a shattered altar of Ashenzari.
  7399 | D:7      | Reached * piety under Vehumet
  7399 | D:7      | Offered knowledge of Freeze by Vehumet.
  7404 | D:7      | Reached skill level 5 in Conjurations
  7712 | D:7      | HP: 18/37 [poisoned by a scorpion]
  7718 | D:7      | HP: 17/37 [poisoned by a scorpion]
  7726 | D:7      | HP: 16/37 [poisoned by a scorpion]
  7848 | D:7      | HP: 12/37 [iguana (10)]
  7857 | D:7      | Noticed a hippogriff
  8069 | D:7      | Killed a hippogriff
  8069 | D:7      | Reached skill level 1 in Fighting
  8158 | D:7      | Reached skill level 9 in Spellcasting
  8158 | D:7      | Reached XP level 9. HP: 41/41 MP: 22/23
  8280 | D:7      | Found a radiant altar of Vehumet.
  8290 | D:7      | Reached skill level 5 in Hexes
  9252 | D:8      | Reached ** piety under Vehumet
  9252 | D:8      | Offered knowledge of Shock by Vehumet.
  9326 | D:8      | Found a sparkling altar of Nemelex Xobeh.
  9417 | D:8      | Found a shadowy altar of Dithmenos.
  9499 | D:8      | Noticed Haldmier's ghost (novice CeAM)
  9648 | D:8      | Found a sacrificial altar of Ru.
 10057 | D:8      | HP: 21/42 [poisoned by Haldmier's ghost]
 10066 | D:8      | HP: 20/42 [poisoned by Haldmier's ghost]
 10071 | D:8      | HP: 19/42 [poisoned by Haldmier's ghost]
 10077 | D:8      | HP: 18/42 [poisoned by Haldmier's ghost]
 10083 | D:8      | HP: 18/42 [poisoned by Haldmier's ghost]
 10268 | D:9      | Found a staircase to the Lair.
 10326 | D:8      | Noticed Erica
 10351 | D:8      | Killed Erica
 10351 | D:8      | Reached skill level 5 in Dodging
 10351 | D:8      | Reached skill level 10 in Spellcasting
 10450 | D:8      | Reached XP level 10. HP: 47/47 MP: 25/25
 10551 | D:8      | Learned a level 1 spell: Summon Butterflies
 10558 | D:8      | Learned a level 4 spell: Cause Fear
 10728 | D:9      | Offered knowledge of Throw Frost by Vehumet.
 10843 | D:9      | Found a staircase to the Orcish Mines.
 10875 | D:9      | Reached *** piety under Vehumet
 10915 | D:9      | HP: 18/48 [gnoll sergeant/spear (7)]
 11037 | D:9      | Noticed Joseph
 11050 | D:9      | Killed Joseph
 11398 | D:9      | Noticed a two-headed ogre
 11435 | D:9      | Killed a two-headed ogre
 11435 | D:9      | Offered knowledge of Airstrike by Vehumet.
 11435 | D:9      | Reached skill level 10 in Stealth
 11435 | D:9      | Reached skill level 11 in Spellcasting
 11443 | D:9      | Learned a level 4 spell: Airstrike
 11594 | D:9      | Found a snail-covered altar of Cheibriados.
 11869 | D:9      | Found Ymote's Weapon Shoppe.
 11914 | D:10     | Entered Level 10 of the Dungeon
 11916 | D:10     | Noticed Nergalle
 12188 | D:9      | Killed Nergalle
 12188 | D:9      | Reached skill level 1 in Air Magic
 12353 | D:10     | Reached skill level 1 in Short Blades
 12452 | D:10     | Found a stormy altar of Qazlal.
 12462 | D:10     | Noticed a skeletal warrior
 12465 | D:10     | Noticed a skeletal warrior
 12466 | D:10     | Noticed a skeletal warrior
 12467 | D:10     | Noticed a skeletal warrior
 12468 | D:10     | Noticed a skeletal warrior
 12482 | D:10     | Killed a skeletal warrior
 12482 | D:10     | Reached **** piety under Vehumet
 12482 | D:10     | Reached XP level 11. HP: 53/53 MP: 26/27
 12492 | D:10     | Killed a skeletal warrior
 12495 | D:10     | Killed a skeletal warrior
 12524 | D:10     | Killed a skeletal warrior
 12594 | D:9      | Offered knowledge of Mephitic Cloud by Vehumet.
 12607 | D:9      | Learned a level 3 spell: Mephitic Cloud
 12815 | D:10     | HP: 19/53 [skeletal warrior/halberd[a skeletal warrior] (18)]
 12856 | D:10     | HP: 21/53 [shadow imp (3)]
 13123 | D:10     | HP: 20/53 [skeletal warrior/halberd[a skeletal warrior] (12)]
 14190 | D:10     | Noticed Sonja
 14363 | D:10     | Found a sparkling altar of Nemelex Xobeh.
 14438 | D:10     | Killed a skeletal warrior
 14438 | D:10     | Reached skill level 12 in Spellcasting
 14610 | D:11     | Noticed Gastronok
 14620 | D:11     | HP: 24/53 [Gastronok/the air (25)]
 14857 | D:11     | Noticed an ogre mage
 14877 | D:11     | Noticed a centaur warrior
 14900 | D:11     | Killed an ogre mage
 14935 | D:11     | Noticed an unseen horror
 14959 | D:11     | Noticed a swamp dragon
 14967 | D:12     | HP: 27/54 [poisoned by a killer bee]
 14974 | D:12     | HP: 27/54 [poisoned by a killer bee]
 14982 | D:12     | HP: 26/54 [poisoned by a killer bee]
 15158 | D:12     | HP: 21/54 [slime creature (18)]
 15189 | D:12     | Noticed a green ugly thing
 15193 | D:11     | HP: 24/54 [swamp dragon (shapeshifter) (2)]
 15194 | D:11     | HP: 11/54 [swamp dragon (shapeshifter) (1)]
 15203 | D:11     | Killed an unseen horror
 15205 | D:11     | Noticed a brown ugly thing
 15721 | D:11     | Noticed a green ugly thing
 15788 | D:11     | HP: 17/54 [ice beast (12)]
 15874 | D:11     | Noticed a deep elf mage
 15880 | D:11     | HP: 27/54 [fire elemental[a deep elf mage] (6)]
 15923 | D:11     | HP: 21/54 [fire elemental[a deep elf mage] (4)]
 15928 | D:11     | HP: 21/81 [fire elemental[a deep elf mage] (3)]
 15933 | D:11     | HP: 13/81 [fire elemental[a deep elf mage] (2)]
 15934 | D:11     | Killed a green ugly thing
 15934 | D:11     | Reached XP level 12. HP: 14/58 MP: 6/29
 15938 | D:11     | HP: 8/87 [fire elemental[a deep elf mage] (1)]
 15952 | D:11     | HP: 30/87 [green ugly thing (2)]
 15959 | D:11     | HP: 31/87 [green ugly thing (1)]
 15976 | D:11     | HP: 22/87 [kobold/dagger (1)]
 15982 | D:11     | HP: 13/87 [green ugly thing (9)]
 16185 | D:11     | Noticed an ettin
 16204 | D:11     | an ettin changed into a torpor snail
 16211 | D:11     | Noticed an anaconda
 16211 | D:11     | a torpor snail changed into an anaconda
 16247 | D:11     | an anaconda changed into a snapping turtle
 16281 | D:11     | HP: 24/58 [centaur warrior/falchion (7)]
 16283 | D:11     | HP: 7/58 [centaur warrior/falchion (9)]
 16287 | D:11     | Slain by a centaur warrior

Skill      XL: |  1  2  3  4  5  6  7  8  9 10 11 12 |
---------------+-------------------------------------+-----
Conjurations   | 3 4 5 6 7 8 |  8.2
Spellcasting   | 3 4 5 7 9 10 11 12 | 12.6
Translocations | 1 2 4 |  4.3
Stealth        | 4 6 7 8 10 11 | 11.4
Hexes          | 1 3 4 5 6 |  6.0
Fighting       | 1 2 3 4 |  4.7
Dodging        | 4 5 7 8 |  8.8
Air Magic      | 1 3 |  3.4
Short Blades   | 1 3 4 |  4.0

Action                   |  1- 3 |  4- 6 |  7- 9 | 10-12 || total
-------------------------+-------+-------+-------+-------++-------
Melee: Dagger            |    73 |    48 |   119 |   404 ||   644
       Whip              |       |       |     4 |       ||     4
       Scimitar          |       |       |     2 |       ||     2
       Unarmed           |       |       |       |    21 ||    21
Throw: Throwing net      |       |       |       |     3 ||     3
 Cast: Magic Dart        |    84 |    84 |    35 |    26 ||   229
       Searing Ray       |     3 |    22 |    36 |    81 ||   142
       Fulminant Prism   |       |       |     6 |    49 ||    55
       Force Lance       |       |       |     3 |    25 ||    28
       Dazzling Spray    |       |       |     2 |     5 ||     7
       Airstrike         |       |       |       |     6 ||     6
       Summon Butterflie |       |       |       |     4 ||     4
       Mephitic Cloud    |       |       |       |     8 ||     8
       Cause Fear        |       |       |       |     2 ||     2
  Use: Scroll            |       |    18 |     3 |     9 ||    30
       Potion            |       |       |       |     3 ||     3
 Stab: Sleeping          |       |     1 |    20 |     6 ||    27
       Paralysed         |       |       |     1 |       ||     1
       Distracted        |       |       |       |     3 ||     3
       Confused          |       |       |       |     7 ||     7
       Held in net/web   |       |       |       |     2 ||     2
  Eat: Fruit             |       |     2 |     3 |     5 ||    10
       Royal jelly       |       |       |     1 |       ||     1
       Bread ration      |       |       |       |     1 ||     1
Armor: Robe              |     5 |     2 |     9 |    46 ||    62
       Skin              |       |       |       |    78 ||    78
Dodge: Dodged            |    69 |    62 |   148 |   415 ||   694

Vault maps used:
D:1:      dpeg_arrival_morbid_curiosity, amethyst_killhole
D:2:      led_sif_pool, zin_academy
D:3:      chequers_temple_overflow_statue_of_worship
D:4:      lemuel_upstairs_altar, tgw_trog, minmay_temple_entry_water_ring,
          serial_shops, kennysheep_mini
D:5:      lemuel_round_altar, first_bread, minmay_misc_feat_nine_boxes,
          kennysheep_generic_room_6, uniq_pikel
D:6:      kennysheep_mini_moat
D:7:      nicolae_overflow_crystal_walls, grunt_ogre_cave, grunt_ministairs_5
D:8:      nemelex_xobeh_ov_fountains_minmay,
          nicolae_ru_great_annihilating_truth, nicolae_dithmenos_the_darkroom,
          uniq_erica
D:9:      cheibriados_altar_1, lair_entry_dummy,
          kennysheep_orc_monster_closet_entryway, serial_shops,
          nicolae_shop_behind_doors, uniq_joseph
D:10:     basic_altar, nemelex_diamond_rough_becter, uniq_sonja, uniq_nergalle
D:11:     minmay_the_grid_3x2, uniq_gastronok, uniq_psyche
D:12:     uniq_fannar
Temple:   corrupted_temple
